 Dungeon Crawl Stone Soup version 0.17-a0-491-gbd49765 (webtiles) character file.

284 Radiman the Cleaver (level 6, -7/51 HPs)
             Began as a Hill Orc Berserker on Apr 9, 2015.
             Was a Priest of Trog.
             Mangled by a mummy (12 damage)
             ... in an ossuary.
             The game lasted 00:10:17 (3326 turns).

Radiman the Cleaver (Hill Orc Berserker)            Turns: 3326, Time: 00:10:18

Health: -7/51      AC: 10    Str: 22    XL:     6   Next: 29%
Magic:  6/6        EV:  8    Int:  7    God:    Trog [***...]
Gold:   195        SH:  0    Dex: 10    Spells: 0 memorised, 5 levels left

rFire  . . .     SeeInvis .     a - +0 hand axe (curse)
rCold  + . .     Clarity  .     h - +1 chain mail {rC+} (curse)
rNeg   . . .     SustAb   .     (no shield)
rPois  .         Gourm    .     (no helmet)
rElec  .         Spirit   .     (no cloak)
rCorr  .         Warding  .     (no gloves)
rMut   .         Stasis   .     j - +0 pair of boots (curse)
MR     .....                    (no amulet)
Stlth  ..........               (no ring)
                                (no ring)

@: not resistant to hostile enchantments, extremely unstealthy
A: no striking features
a: Burn Spellbooks, Berserk, Trog's Hand, Renounce Religion


You were in an ossuary.
You worshipped Trog.
Trog was most pleased with you.
You were not hungry.

You visited 1 branch of the dungeon, and saw 4 of its levels.
You also visited: Ossuary.

You collected 195 gold pieces.

Inventory:

Hand weapons
 a - a cursed +0 hand axe (weapon)
Armour
 h - a cursed +1 chain mail of cold resistance (worn)
 j - a cursed +0 pair of boots (worn)
Magical devices
 n - a wand of fire (5)
Scrolls
 f - 4 scrolls of identify {unknown}
 k - a scroll of magic mapping {unknown}
 m - a scroll of teleportation {unknown}
 o - a scroll of amnesia {unknown}
 p - a scroll of random uselessness {unknown}
Potions
 b - 3 potions of heal wounds {unknown}
 e - a potion of restore abilities {unknown}
 l - a potion of might {unknown}
Comestibles
 c - 3 bread rations
 d - 2 fruits
 g - a royal jelly


   Skills:
 - Level 3.6 Fighting
 * Level 9.0 Axes
 - Level 2.1 Armour
 - Level 1.5 Dodging


You had 5 spell levels left.
You didn't know any spells.

Dungeon Overview and Level Annotations

Branches:
Dungeon (4/15)
 Temple: D:4-7

Altars:


Message History

You hit the mummy but do no damage.
The mummy is moderately damaged.
You hit the mummy but do no damage.
The mummy is almost destroyed.
You hit the mummy.
The mummy is heavily damaged.
The mummy closely misses you. The mummy hits you.
* * * LOW HITPOINT WARNING * * *
You hit the mummy.
The mummy is almost destroyed.
You hit the mummy.
The mummy is severely damaged.
You hit the mummy but do no damage.
The mummy is almost destroyed.
You closely miss the mummy.
The mummy is severely damaged.
The mummy hits you!
* * * LOW HITPOINT WARNING * * *
The mummy hits you!
You die...

##..##..##....##..##..##
#..##..##..##..##..##^.##
..##..##..####..##..##^.##
.##..##..##?.##..##..##..##
##..##..##..!?##..##..##..##
#..##..##!.?!.!##..##..##^.##
..##..## .!∩∩?..##.^##..##.^##
.##..## ...?!.^M.##..##..##..##
##..## ...!?..M@.##..##.^##..##
#..##############''##..##..##..##
....................##..##..##..#
#######################..##..##..
...........^..............##..##.
#############################..##
...........^.............^......#
#################################


You could see 2 mummies.

Vanquished Creatures
  Menkaure (Ossuary)
  Ijyb (D:2)
  An orc wizard (D:3)
  Jessica (D:2)
  Terence (D:2)
  A mummy (Ossuary)
  5 adders
  5 giant geckos
  4 orcs (D:3)
  5 giant cockroaches
  4 goblins
  5 hobgoblins
  9 jackals
  7 kobolds
  An ooze (D:2)
  2 quokkas
  A ball python (D:3)
  6 bats
  3 giant newts
  A gnoll skeleton (Ossuary)
  A gnoll zombie (Ossuary)
  3 goblin skeletons (Ossuary)
  3 hobgoblin skeletons (Ossuary)
  2 hobgoblin zombies (Ossuary)
  A kobold skeleton (Ossuary)
  4 kobold zombies (Ossuary)
  2 orc skeletons (Ossuary)
  An orc zombie (Ossuary)
  3 rats
  2 rat skeletons (Ossuary)
  5 rat zombies (Ossuary)
91 creatures vanquished.

Vanquished Creatures (others)
  3 gnoll zombies (Ossuary)
  6 gnoll skeletons (Ossuary)
  A goblin zombie (Ossuary)
  2 hobgoblin skeletons (Ossuary)
  A hobgoblin zombie (Ossuary)
  3 kobold skeletons (Ossuary)
  3 kobold zombies (Ossuary)
  2 orc skeletons (Ossuary)
  An orc zombie (Ossuary)
  3 rat zombies (Ossuary)
25 creatures vanquished.

Grand Total: 116 creatures vanquished

Notes
Turn   | Place    | Note
--------------------------------------------------------------
     0 | D:1      | Radiman, the Hill Orc Berserker, began the quest for the Orb.
     0 | D:1      | Reached XP level 1. HP: 19/19 MP: 1/1
    99 | D:1      | Reached XP level 2. HP: 16/26 MP: 2/2
   481 | D:1      | Reached skill level 5 in Axes
   810 | D:2      | Reached XP level 3. HP: 31/31 MP: 3/3
   827 | D:2      | Noticed Ijyb
   867 | D:2      | Killed Ijyb
   867 | D:2      | Reached skill level 6 in Axes
   867 | D:2      | Reached XP level 4. HP: 25/39 MP: 4/4
  1004 | D:2      | Noticed Terence
  1030 | D:2      | Killed Terence
  1292 | D:2      | Acquired Trog's second power
  1406 | D:2      | Noticed Jessica
  1418 | D:2      | Killed Jessica
  1418 | D:2      | Reached skill level 7 in Axes
  1418 | D:2      | Reached XP level 5. HP: 17/45 MP: 5/5
  2420 | D:3      | Reached skill level 8 in Axes
  2971 | D:3      | Reached XP level 6. HP: 47/51 MP: 6/6
  3042 | D:4      | Found a sand-covered staircase.
  3052 | Ossuary  | Entered an ossuary
  3303 | Ossuary  | Noticed Menkaure
  3311 | Ossuary  | Killed Menkaure
  3311 | Ossuary  | Reached skill level 9 in Axes
  3326 | Ossuary  | Mangled by a mummy

Action                   |  1- 3 |  4- 6 || total
-------------------------+-------+-------++-------
Melee: Hand axe          |    84 |   315 ||   399
  Eat: Chunk             |       |     8 ||     8
